 Dungeon Crawl Stone Soup version 0.32-a0-818-gb728d0252e (webtiles) character file.

Game seed: 12803758598933062924

4953 olmar the Basher (level 10, -5/90 HPs)
             Began as a Mountain Dwarf Fighter on Mar 23, 2024.
             Was an Initiate of Gozag.
             Killed from afar by an electric eel (15 damage)
             ... with a bolt of electricity
             ... on level 8 of the Dungeon.
             The game lasted 00:17:51 (9799 turns).

olmar the Basher (Mountain Dwarf Fighter)           Turns: 9799, Time: 00:17:51

Health: -5/90      AC:  8    Str: 23    XL:     10   Next: 28%
Magic:  10/10      EV: 24    Int:  9    God:    Gozag
Gold:   1264       SH:  5    Dex:  9    Spells: 9/9 levels left

rFire   + . .        x - +4 morningstar (protect)
rCold   . . .        c - +0 buckler
rNeg    + . .        y - +3 leather armour {rF+}
rPois   .            (no helmet)
rElec   .            g - +0 cloak
rCorr   .            (no gloves)
SInv    .            (no boots)
Will    ++...        K - amulet of the acrobat
Stlth   +            q - ring of willpower
HPRegen 0.35/turn    S - ring of positive energy
MPRegen 0.12/turn

%: acrobat
@: acrobatic
A: runic magic, artefact enchanting
a: Renounce Religion, Potion Petition, Call Merchant, Bribe Branch


You were on level 8 of the Dungeon.
You worshipped Gozag.
Gozag was most pleased with you.
You visited 2 branches of the dungeon, and saw 9 of its levels.
You also visited: Bailey.

You collected 1405 gold pieces.
You paid 141 gold pieces to Gozag.

Inventory:

Hand Weapons
 a - a +0 flail
 x - a +4 morningstar of protection (weapon)
Missiles
 d - 26 poisoned darts (quivered)
 i - 4 datura-tipped darts
 I - 4 atropa-tipped darts
 O - 25 boomerangs
 P - 4 curare-tipped darts
Armour
 b - a +0 scale mail
 c - a +0 buckler (worn)
 f - a +2 leather armour of cold resistance
 g - a +0 cloak (worn)
 s - a +0 plate armour
 y - a +3 leather armour of fire resistance (worn)
 A - a +0 kite shield
 E - a scarf of harm
 U - a +0 pair of boots
Jewellery
 q - a ring of willpower (left hand)
 B - a ring of ice
 C - a ring of wizardry
 K - an amulet of the acrobat (around neck)
 S - a ring of positive energy (right hand)
Wands
 F - a wand of warping (6)
 L - a wand of flame (1)
 R - a wand of digging (8)
Scrolls
 h - 2 scrolls of revelation
 m - 3 scrolls of immolation
 n - a scroll of fog {unknown}
 o - 2 scrolls of poison
 p - 5 scrolls of teleportation
 r - 4 scrolls of enchant armour
 t - a scroll of silence {unknown}
 u - a scroll of vulnerability {unknown}
 v - 2 scrolls of noise
 J - a scroll of amnesia {unknown}
 Q - 2 scrolls of identify
 T - a scroll of summoning {unknown}
Potions
 e - 2 potions of attraction
 k - a potion of resistance
 l - a potion of degeneration {unknown}
 w - 2 potions of brilliance
 z - a potion of magic
 D - a potion of enlightenment
 G - a potion of cancellation {unknown}
 H - 2 potions of haste
 M - 2 potions of lignification
 N - a potion of heal wounds {unknown}


   Skills:
 + Level 8.6 Fighting
 + Level 12.7 Maces & Flails
 + Level 6.1 Armour
 - Level 0.2 Dodging
 + Level 6.6 Shields
 + Level 4.2 Evocations


You had 9 spell levels left.
You didn't know any spells.
Your spell library contained the following spells:

 Spells                   Type           Power      Damage    Failure   Level
 Apportation              Tloc           0%         N/A       43%         1
 Magic Dart               Conj           0%         1d3       43%         1
 Necrotise                Necr           0%         1d4       43%         1
 Sting                    Conj/Alch      0%         1d3       43%         1
 Summon Small Mammal      Summ           0%         N/A       43%         1
 Blink                    Tloc           0%         N/A       58%         2
 Call Imp                 Summ           0%         N/A       58%         2
 Jinxbite                 Hex            0%         N/A       58%         2
 Call Canine Familiar     Summ           0%         N/A       82%         3
 Sigil of Binding         Hex            0%         N/A       82%         3
 Dimensional Bullseye     Hex/Tloc       0%         N/A       99%         4
 Yara's Violent Unravell  Hex/Alch       0%         3d3       100%        5
 Enfeeble                 Hex            0%         N/A       100%        7


Dungeon Overview and Level Annotations

Branches:
Dungeon (8/15)             Temple (1/1) D:5          Bailey (visited)
   Lair: D:8-11

Altars:
Ashenzari
Cheibriados
Dithmenos
Elyvilon
Fedhas
Gozag
Hepliaklqana
Kikubaaqudgha
Makhleb
Nemelex Xobeh
Okawaru
Qazlal
Ru
Sif Muna
Trog
Uskayaw
Vehumet
Wu Jian
Yredelemnul
Zin

Shops:
D:2 =

Annotations:
D:4 1 runed translucent door
Temple 2 transporters


Innate Abilities, Weirdness & Mutations

Your spellcasting is much less encumbered by armour.
You can use scrolls of enchantment on lesser artefacts.


Message History

The electric eel shoots out a bolt of lightning at you!
The bolt of electricity hits you.
The electric eel shoots out a bolt of lightning at you!
The bolt of electricity misses you.
An electric eel comes into view.
Okay, then.
The electric eel shoots out a bolt of lightning at you!
The bolt of electricity hits the electric eel.
The electric eel completely resists.
The bolt of electricity hits you! The bullfrog misses you.
The electric eel shoots out a bolt of lightning at you!
The bolt of electricity misses you.
Okay, then.
As you read the scroll of teleportation, it crumbles to dust.
You feel strangely unstable. You block the bullfrog's attack.
The electric eel shoots out a bolt of lightning at you!
The bolt of electricity hits the electric eel.
The electric eel completely resists.
The bolt of electricity hits you!
* * * LOW HITPOINT WARNING * * *
The bullfrog barely misses you.
Unknown command.
The bullfrog attacks as it pursues you! The bullfrog completely misses you. x2
The electric eel shoots out a bolt of lightning at you!
The bolt of electricity hits you!
* * * LOW HITPOINT WARNING * * *
The bolt of electricity hits the plant!
The plant begins to die.
Unknown command.
Okay, then.
You feel better. The bullfrog barely misses you.
The electric eel shoots out a bolt of lightning at you!
The bolt of electricity hits you!
* * * LOW HITPOINT WARNING * * *
You block the bullfrog's attack.
Unknown command.
Unknown command.
Your surroundings seem slightly different.
The electric eel shoots out a bolt of lightning at you!
The bolt of electricity hits you!
You die...
Your body crumbles into a pile of gold.

######### #######
##.......###$....##
##..~~♣~~.....♣~♣..##
#..♣~~~~~~♣#♣~♣♣♣♣..###
..~~~~~~~♣♣♣♣~≈~~♣~...###
..~P~~P~~~~~~~~~~~~♣..♣~#
................@.....~~♣#
..~~~~~~~~~~~≈~P~~~~.~~~~♣#*
.##♣~~~~P~~~~~~~~§~~.≈~P~~P*
.#
#~~~~~~♣♣~~~~~~F~.~~~~~~**
.#
*#~~~♣♣*##♣♣♣♣~~S.SP~~~~~**
.# *#### ♣♣S~.~≈≈~≈~~~* .#
♣~~.~≈≈≈≈~~** ♣♣
*♣~~.~≈≈~≈~~* ♣ ***
*~~≈.~≈≈≈~♣**


You could see a bullfrog and 3 electric eels.

Vanquished Creatures
  A two-headed ogre (D:8)
  An orc knight (Bailey)
  Joseph (D:7)
  Grinder (D:5)
  A shadow (D:8)
  Eustachio (D:4)
  A steam dragon (D:8)
  Duvessa (D:5)
  2 black bears
  3 orc warriors
  A sky beast (D:6)
  An ogre (D:7)
  2 centaurs
  8 kobold brigands
  4 bullfrogs
  Blork the orc (D:5)
  A gnoll sergeant (D:8)
  3 scorpions
  Dowan (D:5)
  6 electric eels (D:8)
  A howler monkey (D:5)
  3 bombardier beetles
  A jelly (D:2)
  7 hounds
  An orc priest (D:6)
  A sleepcap (D:6)
  An iguana (D:6)
  2 orc wizards
  A gnoll (D:8)
  6 adders
  A shadow imp (D:6)
  4 white imps
  A dart slug (D:5)
  2 ribbon worms
  10 orcs
  7 ball pythons
  5 bats
  4 endoplasms
  5 giant cockroaches
  8 goblins
  8 hobgoblins
  10 jackals
  3 quokkas
  4 frilled lizards
  24 kobolds
  4 rats
165 creatures vanquished.

Vanquished Creatures (collateral kills)
  An orc (D:7)
1 creature vanquished.

Vanquished Creatures (others)
  An orc warrior (Bailey)
  A hound (D:6)
  A jelly (D:8)
  2 gnolls (D:8)
  An adder (D:6)
  2 kobolds (Bailey)
8 creatures vanquished.

Grand Total: 174 creatures vanquished

Notes
Turn   | Place    | Note
-------+----------+-------------------------------------------
     0 | D:1      | olmar the Mountain Dwarf Fighter began the quest for the
                  | Orb.
     0 | D:1      | Reached XP level 1. HP: 19/19 MP: 1/1
   131 | D:1      | Reached XP level 2. HP: 26/26 MP: 2/2
   811 | D:2      | Reached skill level 3 in Maces & Flails
   811 | D:2      | Reached XP level 3. HP: 31/33 MP: 3/3
  1009 | D:2      | Reached XP level 4. HP: 36/40 MP: 4/4
  1438 | D:2      | Found Niwomyqapi's Jewellery Shoppe.
  1785 | D:3      | Reached skill level 4 in Maces & Flails
  1930 | D:3      | Found a snail-covered altar of Cheibriados.
  1958 | D:3      | Reached XP level 5. HP: 44/46 MP: 5/5
  2511 | D:4      | Found an iron altar of Okawaru.
  2511 | D:4      | Found a runed translucent door.
  2525 | D:4      | Reached skill level 5 in Maces & Flails
  2615 | D:4      | Noticed an ogre
  2616 | D:4      | Found the +0 toga "Victory" {*Victory Clar}
  2633 | D:4      | Reached XP level 6. HP: 45/52 MP: 6/6
  2781 | D:4      | Noticed Eustachio
  2800 | D:4      | Killed Eustachio
  2801 | D:4      | Reached skill level 6 in Maces & Flails
  3279 | D:5      | Entered Level 5 of the Dungeon
  3296 | D:5      | Noticed Dowan
  3298 | D:5      | Noticed Duvessa
  3515 | D:5      | Found a staircase to the Ecumenical Temple.
  3523 | Temple   | Found a transporter.
  3523 | Temple   | Found a transporter.
  3523 | Temple   | Found a transporter.
  3523 | Temple   | Found a transporter.
  3523 | Temple   | Entered the Ecumenical Temple
  3574 | D:5      | Reached XP level 7. HP: 60/60 MP: 7/7
  3643 | D:5      | Killed Dowan
  3644 | D:5      | Reached skill level 7 in Maces & Flails
  3699 | D:5      | Killed Duvessa
  3858 | D:5      | Reached skill level 5 in Armour
  3924 | D:5      | Found a hazy altar of Hepliaklqana.
  4055 | D:5      | Noticed Grinder
  4062 | D:5      | Reached skill level 5 in Fighting
  4073 | D:5      | Paralysed by Grinder for 4 turns
  4080 | D:5      | Killed Grinder
  4081 | D:5      | Reached skill level 8 in Maces & Flails
  4140 | D:5      | Noticed Blork the orc
  4154 | D:5      | Killed Blork the orc
  4155 | D:5      | Reached XP level 8. HP: 41/69 MP: 8/8
  4226 | D:5      | Reached skill level 1 in Evocations
  4530 | D:6      | Found a broken altar of Ashenzari.
  4538 | D:6      | Reached skill level 9 in Maces & Flails
  4616 | D:6      | Reached skill level 5 in Shields
  5097 | D:6      | Found an opulent altar of Gozag.
  5099 | D:6      | Found a bloodstained altar of Trog.
  5309 | D:6      | Found a radiant altar of Vehumet.
  5839 | D:6      | Reached skill level 10 in Maces & Flails
  6184 | D:6      | Found a burning altar of Makhleb.
  6186 | D:6      | Found a hide-covered altar of Uskayaw.
  6549 | D:7      | Found an ancient bone altar of Kikubaaqudgha.
  6655 | D:7      | Noticed Joseph
  6666 | D:7      | Killed Joseph
  6667 | D:7      | Reached XP level 9. HP: 43/78 MP: 9/9
  6697 | D:7      | Found a sacrificial altar of Ru.
  6717 | D:7      | HP: 1/79 [white imp (3)]
  7102 | D:7      | Reached skill level 11 in Maces & Flails
  7308 | D:6      | Became a worshipper of Gozag Ym Sagoz the Greedy
  7632 | D:8      | HP: 2/79 [steam dragon (9)]
  7691 | D:8      | Found a flagged portal.
  7700 | Bailey   | Entered a bailey
  8326 | Bailey   | Noticed an orc knight
  8357 | Bailey   | Reached skill level 12 in Maces & Flails
  8389 | Bailey   | Killed an orc knight
  8390 | Bailey   | Reached XP level 10. HP: 74/88 MP: 10/10
  8543 | Bailey   | Found a burning altar of Makhleb.
  9265 | D:8      | Noticed a two-headed ogre
  9298 | D:8      | Killed a two-headed ogre
  9799 | D:8      | Killed from afar by an electric eel

Illustrated notes

Levels and vault maps discovered:
D:1:      psy_arrival_statuary, layout_loops_ring
D:2:      layout_loops_corners, serial_shops, nicolae_shop_window_shopping,
          chequers_serial_rivers_small_a
D:3:      layout_loops_ring, slow_altar_1
D:4:      layout_cave_pools, nicolae_overflow_guarded_unrand_okawaru_victory,
          serial_bayou_lake_a, uniq_eustachio
D:5:      layout_loops_ring, nicolae_hepliaklqana_hippocampus,
          minmay_temple_entry_crystal_x, serial_bayou_ford_a,
          serial_library_hellmonk_junction, uniq_grinder, uniq_blork_the_orc,
          uniq_duvessa
D:6:      minmay_razor_zed, layout_basic, nicolae_vehumet_radiance,
          nicolae_overflow_hidden_temple, cheibrodos_ashenzari_chains,
          grunt_decor_clamped, minivault_1
D:7:      layout_basic, mainiacjoe_overflow_catwalk,
          nicolae_ru_sacrificial_ziggurat, chequers_serial_rivers_room_a,
          uniq_joseph
D:8:      layout_layer_cave, regret_index_xom_of_box, enter_bailey_8,
          serial_bayou, serial_bayou_pond_e, serial_bayou_lagoon_b,
          serial_bayou_crossing, serial_bayou_shore_b, serial_bayou_shore_a,
          serial_bayou_pond_e
Temple:   hellmonk_temple_divided_pantheon

Skill      XL: |  1  2  3  4  5  6  7  8  9 10 |
---------------+-------------------------------+-----
Maces & Flails | 3 4 5 6 8 10 12 | 12.7
Fighting       | 4 5 6 8 |  8.6
Armour         | 4 5 6 |  6.1
Shields        | 4 5 6 |  6.6
Evocations     | 1 3 4 |  4.2
Dodging        | |  0.2

Action                     |  1- 3 |  4- 6 |  7- 9 | 10-12 || total
---------------------------+-------+-------+-------+-------++-------
  Melee: Flail             |   124 |   191 |   414 |       ||   729
         Morningstar       |       |       |       |    27 ||    27
  Throw: Dart              |       |    21 |    20 |    12 ||    53
         Boomerang         |       |       |     8 |       ||     8
  Evoke: Wand              |       |       |    31 |       ||    31
    Use: Scroll            |     1 |     5 |    10 |     1 ||    17
         Potion            |       |     2 |     9 |     1 ||    12
   Stab: Invisible         |       |       |     3 |       ||     3
         Distracted        |       |       |     1 |       ||     1
 Armour: Scale mail        |    95 |    27 |       |       ||   122
         Plate armour      |       |   124 |       |       ||   124
         Leather armour    |       |    40 |   287 |    35 ||   362
         Skin              |       |       |    12 |       ||    12
  Dodge: Dodged            |    61 |    75 |   167 |    18 ||   321
  Block: Buckler           |    24 |    42 |    77 |     4 ||   147

Table legend: (Time is in decaauts)
 A = Elapsed time spent in this place.
 B = Non-inter-level travel time spent in this place.
 C = Inter-level travel time spent in this place.
 D = Time resting spent in this place.
 E = Time spent auto-exploring this place.
 F = Levels seen in this place.
 G = Mean time per level.
                   A        B        C        D        E       F      G
               +--------+--------+--------+--------+--------+-----+--------+
         Total |   9884 |   9618 |    266 |   2178 |   5543 |  10 |  988.4 |
       Dungeon |   8991 |   8725 |    266 |   1606 |   5411 |   8 | 1123.9 |
        Temple |      1 |      1 |      0 |      0 |      0 |   1 |    1.0 |
        Bailey |    891 |    891 |      0 |    572 |    131 |   1 |  891.0 |
               +--------+--------+--------+--------+--------+-----+--------+

Top non-repeatable levels by time:
     D:6: 1861 daAuts
     D:8: 1438 daAuts
     D:5: 1238 daAuts
     D:7: 1058 daAuts
     D:2: 998 daAuts
  Bailey: 891 daAuts
     D:4: 830 daAuts
     D:1: 829 daAuts
     D:3: 736 daAuts
  Temple: 1 daAuts
